 Dungeon Crawl Stone Soup version 0.27.1-34-g3ba077fa99 (webtiles) character file.

Game seed: 7380446736605096361

315 Mitsuki the Bolt Thrower (level 6, -2/50 HPs)
             Began as a Palentonga Hunter on Jan 12, 2022.
             Slain by a gnoll (5 damage)
             ... on level 3 of the Dungeon.
             The game lasted 00:04:26 (1883 turns).

Mitsuki the Bolt Thrower (Palentonga Hunter)        Turns: 1883, Time: 00:04:27

Health: -2/50      AC:  7    Str: 16    XL:     6   Next: 19%
Magic:  6/6        EV:  9    Int: 11    God:
Gold:   77         SH:  0    Dex: 12    Spells: 5/5 levels left

rFire    . . .     SeeInvis +   a - +1 hand crossbow
rCold    . . .     Faith    .   (no shield)
rNeg     . . .     Spirit   .   i - +0 ring mail
rPois    .         Reflect  .   (no helmet)
rElec    .         Harm     .   j - +0 cloak
rCorr    .         Rampage  .   l - +0 pair of gloves
Will     +....                  (no barding)
Stlth    +.........             (no amulet)
HPRegen  0.16/turn              g - ring of willpower
MPRegen  0.10/turn              (no ring)

@: no status effects
A: large, rugged brown scales 3, see invisible, deformed body, roll 1, armoured
tail
a: Rolling Charge


You were on level 3 of the Dungeon.
You visited 1 branch of the dungeon, and saw 3 of its levels.

You collected 77 gold pieces.

Inventory:

Hand Weapons
 a - a +1 hand crossbow (weapon)
 b - a +0 short sword
Missiles
 d - 28 bolts (quivered ammo)
 h - 3 curare-tipped darts
Armour
 i - a +0 ring mail (worn)
 j - a +0 cloak (worn)
 l - a +0 pair of gloves (worn)
Jewellery
 g - a ring of willpower (left hand)
Scrolls
 e - a scroll of immolation {unknown}
 f - 5 scrolls of identify {unknown}
 m - a scroll of enchant armour {unknown}
 n - 2 scrolls of amnesia {unknown}
Potions
 c - 4 potions of curing {unknown}
 k - a potion of invisibility {unknown}


   Skills:
 + Level 3.6 Fighting
 * Level 4.9 Crossbows
 + Level 3.0 Dodging
 - Level 0.9 Stealth


You had 5 spell levels left.
You didn't know any spells.
Your spell library was empty.

Dungeon Overview and Level Annotations

Branches:
Dungeon (3/15)

Altars:

Shops:
D:1 (


Innate Abilities, Weirdness & Mutations

You are completely covered in rugged brown scales. (AC +3, +7% HP)
You have supernaturally acute eyesight. (SInv)
Armour fits poorly on your strangely shaped body.
You can roll at nearby foes to attack.
You have a long armoured tail.


Message History

You take 5 damage, and have 8/50 hp.
Fire: 34 bolts
Press: ? - help, Q - select action, (/) - cycle Shift-Dir - straight line, f/p - gnoll
Aim: a gnoll, wielding a +0 spear (almost dead, 69% to hit)
You shoot a bolt. The bolt barely misses the gnoll.
The gnoll hits you from afar with a +0 spear!
* * * LOW HITPOINT WARNING * * *
The gnoll hits you but does no damage.
You take 6 damage, and have 2/50 hp.
Fire: 33 bolts
Press: ? - help, Q - select action, (/) - cycle Shift-Dir - straight line, f/p - gnoll
Aim: a gnoll, wielding a +0 spear (almost dead, 69% to hit)
You shoot a bolt. The bolt hits the gnoll.
You kill the gnoll!
Your Dodging skill increases to level 3!
Fire: 32 bolts
Press: ? - help, Q - select action, (/) - cycle Shift-Dir - straight line, f - gnoll
Aim: a gnoll, wielding a +0 spear (69% to hit)
You shoot a bolt. The bolt hits the gnoll!
The gnoll is heavily wounded.
The gnoll hits you but does no damage. The gnoll barely misses you.
Fire: 31 bolts
Press: ? - help, Q - select action, (/) - cycle Shift-Dir - straight line, f/p - gnoll
Aim: a gnoll, wielding a +0 spear (heavily wounded, 69% to hit)
You shoot a bolt. The bolt hits the gnoll!
You kill the gnoll!
Fire: 30 bolts
Press: ? - help, Q - select action, (/) - cycle Shift-Dir - straight line, f - kobold
Aim: a kobold, wielding a +0 short sword and quivering stones (59% to hit)
You shoot a bolt. The bolt hits the kobold!
You kill the kobold!
Fire: 29 bolts
Press: ? - help, Q - select action, (/) - cycle Shift-Dir - straight line, f - gnoll
Aim: a gnoll, wielding a +0 spear (69% to hit)
You shoot a bolt. The bolt hits the gnoll.
The gnoll is lightly wounded.
The gnoll barely misses you.
A gnoll comes into view. It is wielding a +0 club.
The gnoll hits you from afar with a +0 spear.
You die...

.......####'####.#
.......#.......#.#
.......#.......#.#
######.#..)#...#.#
+..###..'.#
#...#...###
#.......#
#.......#
####@#### #.(#
#g##
###############.#
....((...gKg..g.#
.........########
.........#
...)...[.#
.........#


You could see 2 gnolls.

Vanquished Creatures
  Grinder (D:3)
  A jelly (D:3)
  Jessica (D:2)
  An adder (D:3)
  2 gnolls (D:3)
  A worm (D:2)
  A dart slug (D:1)
  4 ball pythons
  2 endoplasms (D:1)
  2 giant cockroaches
  2 hobgoblins (D:2)
  3 kobolds
  A quokka (D:1)
  2 bats
  2 frilled lizards
  3 goblins
  4 rats
33 creatures vanquished.

Notes
Turn   | Place    | Note
-------+----------+-------------------------------------------
     0 | D:1      | Mitsuki the Palentonga Hunter began the quest for the Orb.
     0 | D:1      | Reached XP level 1. HP: 17/17 MP: 1/1
   189 | D:1      | Reached XP level 2. HP: 23/23 MP: 2/2
   405 | D:1      | Found Leucac's Antique Weapon Boutique.
   520 | D:1      | Found a faded altar of an unknown god.
  1051 | D:2      | Noticed Jessica
  1066 | D:2      | Killed Jessica
  1067 | D:2      | Reached XP level 3. HP: 29/29 MP: 3/3
  1656 | D:3      | Noticed Grinder
  1674 | D:3      | Paralysed by Grinder for 2 turns
  1679 | D:3      | Paralysed by Grinder for 3 turns
  1688 | D:3      | Killed Grinder
  1689 | D:3      | Reached skill level 4 in Crossbows
  1689 | D:3      | Reached XP level 4. HP: 26/37 MP: 4/4
  1689 | D:3      | Reached XP level 5. HP: 30/43 MP: 5/5
  1876 | D:3      | Reached XP level 6. HP: 17/50 MP: 6/6
  1878 | D:3      | HP: 2/50 [gnoll (7)]
  1883 | D:3      | Slain by a gnoll

Illustrated notes

Levels and vault maps discovered:
D:1:      wander_arrival_desolate, layout_basic, serial_shops,
          nicolae_shop_temple_entry_statues_fountains,
          hellmonk_ecumenical_altar_arch_garden
D:2:      layout_loops_ring, chequers_big_river, uniq_jessica
D:3:      layout_basic, kennysheep_generic_room_8, uniq_ijyb, uniq_grinder

Skill      XL: |  1  2  3  4  5  6 |
---------------+-------------------+-----
Dodging        | 2 3 |  3.0
Fighting       | 3 |  3.6
Crossbows      | 4 |  4.9
Stealth        | |  0.9

Action                   |  1- 3 |  4- 6 || total
-------------------------+-------+-------++-------
Melee: Short sword       |    85 |       ||    85
       Tailslap          |    10 |       ||    10
 Fire: Hand crossbow     |    19 |    25 ||    44
Armor: Leather armour    |     7 |       ||     7
       Ring mail         |    31 |    13 ||    44
Dodge: Dodged            |    43 |    12 ||    55
